 Dungeon Crawl Stone Soup version 0.27-a0-1144-g0b7d3b79db (webtiles) character file.

Game seed: 900330216360622546

16 rageheart7 the Ruffian (level 2, -3/29 HPs)
             Began as a Troll Monk on May 11, 2021.
             Engulfed by a cloud of flame (13 damage)
             ... on level 1 of the Dungeon.
             The game lasted 00:00:49 (405 turns).

rageheart7 the Ruffian (Troll Monk)                  Turns: 405, Time: 00:00:49

Health: -3/29      AC:  4    Str: 18    XL:     2   Next: 37%
Magic:  1/1        EV: 10    Int:  6    God:
Gold:   0          SH:  0    Dex: 12    Spells: 1/1 levels left

rFire    . . .     SeeInvis .   b - +0 dagger (venom)
rCold    . . .     Faith    .   (no shield)
rNeg     . . .     Spirit   .   a - +0 robe
rPois    .         Reflect  .   (helmet restricted)
rElec    .         Harm     .   (no cloak)
rCorr    .         Rampage  .   (gloves unavailable)
Will     .....                  (boots unavailable)
Stlth    ++........             (no amulet)
HPRegen  1.09/turn              (no ring)
MPRegen  0.07/turn              (no ring)

@: no status effects
A: large, unfitting armour, claws 3, regeneration 1, shaggy fur 1, tough skin 1
a: no special abilities


You were on level 1 of the Dungeon.
You visited 1 branch of the dungeon, and saw 1 of its levels.

Inventory:

Hand Weapons
 b - a +0 dagger of venom (weapon)
Armour
 a - a +0 robe (worn)
Scrolls
 c - a scroll of teleportation {unknown}
 d - a scroll of amnesia {unknown}


   Skills:
 * Level 2.8 Fighting
 - Level 2.4 Dodging
 - Level 1.0 Stealth
 * Level 3.4 Unarmed Combat


You had one spell level left.
You didn't know any spells.
Your spell library was empty.

Dungeon Overview and Level Annotations

Branches:
Dungeon (1/15)

Altars:


Innate Abilities, Weirdness & Mutations

You are too large for most types of armour.
You have claws for hands.
Your natural rate of healing is unusually fast.
You are covered in fur. (AC +1)
You have tough skin. (AC +1)


Message History

Found a mace.
No target in view!
You see here a +0 mace.
Found a dagger.
No target in view!
Found a flail.
You see here a +0 dagger.
No target in view!
A goblin comes into view. It is wielding a +0 dagger.
The goblin shouts!
A goblin is nearby!
A goblin is nearby!
The goblin barely misses you.
You hit the goblin.
The goblin is poisoned.
The goblin is almost dead.
You kill the goblin!
A goblin comes into view. It is wielding a +0 dagger.
The goblin shouts!
Things that are here:
a +0 dagger; a goblin corpse The goblin hits you but does no damage.
You closely miss the goblin. The goblin hits you but does no damage.
You miss the goblin. The goblin barely misses you.
You barely miss the goblin. The goblin misses you.
You barely miss the goblin. The goblin hits you with a +0 dagger.
You hit the goblin but do no damage.
The goblin is poisoned.
The goblin hits you but does no damage.
You hit the goblin but do no damage.
The goblin looks as sick as possible!
You kill the goblin!
No target in view!
No target in view!
Things that are here:
a +0 dagger; a goblin corpse You see here a +0 pair of boots.
Really walk into a travel-excluded area?
Found a scale mail.
You are engulfed in blazing flames.
Ouch! That really hurt!
You are engulfed in blazing flames.
You die...

.#..#......#.#####
##.#......##..
.#..#..#......†..####.#.######..
.#####.##..##.........#.# .
........#..##.........#.#
######..#..##.........#.# #
#..#..##....####.#.# ## #.
#..######...# ###.# . ##. #.
#..# #§§§# ..##. ##.. #. #..#
#○§@# ###.. ##... #. #..# #§○°#
#.###.... #.###..######...#####
#.##..... #.#......§§○..$..°○§.
#.#......
#.#......○§§..=..°☼§.###.......#
#......#.§§°.[...§.........>..##
###....######...#####..#.......#
####....## #°§○# #.##.#......
.....#...# #.##.##.....


There were no monsters in sight!

Vanquished Creatures
  2 ball pythons (D:1)
  5 goblins (D:1)
  A hobgoblin (D:1)
  3 jackals (D:1)
  A frilled lizard (D:1)
12 creatures vanquished.

Notes
Turn   | Place    | Note
-------+----------+-------------------------------------------
     0 | D:1      | rageheart7 the Troll Monk began the quest for the Orb.
     0 | D:1      | Reached XP level 1. HP: 22/22 MP: 0/0
   177 | D:1      | Reached XP level 2. HP: 29/29 MP: 1/1
   405 | D:1      | Engulfed by a cloud of flame

Illustrated notes

Levels and vault maps discovered:
D:1:      dpeg_arrival_central, layout_basic, chequers_ecumenical_altar_simple,
          lemuel_flame_loot_1

Action                   || total
-------------------------++-------
Melee: Dagger            ||    46
       Unarmed           ||     1
Armor: Robe              ||    15
Dodge: Dodged            ||    27

Table legend: (Time is in decaauts)
 A = Elapsed time spent in this place.
 B = Non-inter-level travel time spent in this place.
 C = Inter-level travel time spent in this place.
 D = Time resting spent in this place.
 E = Time spent auto-exploring this place.
 F = Levels seen in this place.
 G = Mean time per level.
                   A        B        C        D        E       F      G
               +--------+--------+--------+--------+--------+-----+--------+
         Total |    404 |    355 |     49 |      0 |    257 |   1 |  404.0 |
       Dungeon |    404 |    355 |     49 |      0 |    257 |   1 |  404.0 |
               +--------+--------+--------+--------+--------+-----+--------+

Top non-repeatable levels by time:
     D:1: 404 daAuts
